 Dungeon Crawl Stone Soup version 0.31.0-12-g77e489cdc1 (webtiles) character file.

Game seed: 7193060807499316395

1823 monsoonserge the Ruffian (level 9, -1/65 (67) HPs)
             Began as a Gnoll Shapeshifter on Feb 25, 2024.
             Was a Believer of Ru.
             Slain by a wight
             ... wielding a +0 falchion
              (10 damage)
             ... on level 6 of the Dungeon.
             The game lasted 00:18:14 (6036 turns).

monsoonserge the Ruffian (Gnoll Shapeshifter)       Turns: 6036, Time: 00:18:14

HP:   -1/65 (67)    AC:  0    Str: 19    XL:     9   Next: 10%
MP:   15/15         EV: 23    Int:  9    God:    Ru [**....]
Gold: 294           SH:  0    Dex: 11    Spells: 16/16 levels left

rFire   + .          .
                       - Unarmed
rCold   . . .        (shield currently unavailable)
rNeg    . . .        e - melded +0 scale mail
rPois   .            (no helmet)
rElec   .            (no cloak)
rCorr   .            (no gloves)
SInv    .            (no boots)
Will    .....        y - amulet of faith Stlth
                     l - +5 ring of evasion
HPRegen 0.30/turn    v - ring of protection from fire
MPRegen 0.14/turn

%: faith
@: flux-form, glowing, lightly drained, invisible (but backlit and visible)
A: glow, contaminating, fangs 1, no stealth, hated by all, strong nose,
distributed training
a: Begin Untransformation, Renounce Religion


You were on level 6 of the Dungeon.
You worshipped Ru.
Ru was pleased with you.
You were something dangerously unstable.
You visited 1 branch of the dungeon, and saw 7 of its levels.
You also visited: Sewer.

You collected 294 gold pieces.

Inventory:

Hand Weapons
 N - a +2 dagger of freezing
Missiles
 k - 11 boomerangs (quivered)
 w - 9 atropa-tipped darts
 A - 5 curare-tipped darts
 M - 4 poisoned darts
Armour
 a - a +0 animal skin
 e - a +0 scale mail (melded)
 j - a +0 leather armour
 r - the +1 scale mail of the Cobbler {rC+ Dex+3}
   (You found it on level 4 of the Dungeon)

   Dex+3:     It affects your dexterity (+3).
   rC+:       It protects you from cold.
 F - the orb of Osiapn {light, -Tele rElec rPois rN+ Stlth+}
   (You found it on level 5 of the Dungeon)

   rElec:     It insulates you from electricity.
   rPois:     It protects you from poison rN+: It protects you from negative
   energy.
   -Tele:     It prevents most forms of teleportation.
   Stlth+:    It makes you more stealthy.
 J - a +0 troll leather armour {Pargi}
Jewellery
 l - a +5 ring of evasion (left hand)
 v - a ring of protection from fire (right hand)
 y - an amulet of faith (around neck)
 B - an amulet of regeneration
Talismans
 c - a beast talisman
 d - a flux talisman (active)
Wands
 x - a wand of charming (8)
Scrolls
 f - 4 scrolls of identify {unknown}
 h - a scroll of fear
 p - a scroll of enchant armour {unknown}
 s - a scroll of poison {unknown}
 D - 2 scrolls of enchant weapon {unknown}
 E - a scroll of revelation {unknown}
 H - a scroll of brand weapon {unknown}
 I - a scroll of noise {unknown}
 L - a scroll of teleportation {unknown}
Potions
 b - 2 potions of lignification
 g - 2 potions of curing
 i - 3 potions of degeneration {unknown}
 m - 3 potions of resistance {unknown}
 n - 2 potions of might {unknown}
 o - 3 potions of brilliance {unknown}
 q - 2 potions of attraction {unknown}
 t - 2 potions of magic {unknown}
 u - a potion of heal wounds {unknown}
 z - a potion of ambrosia {unknown}
 C - a potion of enlightenment {unknown}
 G - 2 potions of invisibility
 K - 2 potions of cancellation {unknown}


   Skills:
 + Level 4.9 Fighting
 + Level 4.0 Short Blades
 + Level 4.0 Long Blades
 + Level 4.0 Axes
 + Level 4.0 Maces & Flails
 + Level 4.0 Polearms
 + Level 4.0 Staves
 + Level 4.0 Ranged Weapons
 + Level 4.0 Throwing
 + Level 4.0 Armour
 + Level 6.2 Dodging
   Level 0.0 Stealth
 + Level 4.0 Shields
 + Level 7.8 Unarmed Combat
 + Level 4.0 Spellcasting
 + Level 3.3 Conjurations
 + Level 3.3 Hexes
   Level 0.0 Summonings
 + Level 3.3 Necromancy
 + Level 3.3 Translocations
 + Level 3.3 Fire Magic
 + Level 3.3 Ice Magic
 + Level 3.3 Air Magic
 + Level 3.3 Earth Magic
 + Level 3.3 Alchemy
 + Level 4.5 Invocations
 + Level 4.0 Evocations
 + Level 7.6 Shapeshifting


You had 16 spell levels left.
You didn't know any spells.
Your spell library contained the following spells:

 Spells                   Type           Power      Damage    Failure   Level
 Magic Dart               Conj           28%        1d4       7%          1
 Necrotise                Necr           28%        1d5       7%          1
 Scorch                   Fire           14%        2d5       11%         2
 Searing Ray              Conj           14%        2d5       11%         2
 Vampiric Draining        Necr           7%         2d6       21%         3
 Flame Wave               Conj/Fire      7%         2d5       56%         4
 Fulminant Prism          Conj/Alch      3%         3d5       56%         4
 Curse of Agony           Necr           7%         N/A       88%         5
 Martyr's Knell           Necr/Summ      Unusable   N/A       N/A         4
 Summon Cactus Giant      Summ           Unusable   N/A       N/A         6

Dungeon Overview and Level Annotations

Branches:
Dungeon (7/15)              Sewer (visited)
 Temple: D:4-7

Altars:
Okawaru
Ru

Shops:
D:6 [

Annotations:
D:3 3 runed translucent doors, Consumeair16's ghost, amateur GnFi; globin's ghost, amateur MfCK


Innate Abilities, Weirdness & Mutations

You are something dangerously unstable.
You glow with magical radiation, making you easy to see and hit.
Foes you strike become dangerously contaminated with magical radiation.
You are incapable of wielding weapons or throwing items.
You have very sharp teeth.
You cannot be stealthy.
You are hated by all.
Your uncanny sense of smell can sniff out nearby items.
Your experience applies equally to all skills.


Message History

As you read the scroll labelled JORUVU HIROEMUTU, it crumbles to dust.
You assume a fearsome visage.
The bullfrog looks frightened!
The wight is unaffected. x3; It was a scroll of fear.
The wight hits you with a +0 hand axe! The wight hits you with a +0 falchion!
The wight misses you.
You punch the wight!
The wight begins to glow.
The wight is heavily damaged.
You hit the wight.
The wight glows dangerously bright.
The wight is severely damaged.
Cornered, the bullfrog turns to fight!
The wight hits you with a +0 hand axe.
You feel drained. The wight barely misses you. The wight completely misses you.
You punch the wight!
You destroy the wight!
The wight closely misses you. The wight completely misses you.
You hit the wight.
The wight begins to glow.
The wight is moderately damaged.
The bullfrog barely misses you. The wight hits you with a +0 hand axe!
* * * LOW HITPOINT WARNING * * *
You feel drained.
* * * LOW HITPOINT WARNING * * *
The wight barely misses you.
The bullfrog is stunned by your conviction and fails to attack.
You hit the wight.
The wight glows dangerously bright.
The wight is moderately damaged.
The bullfrog completely misses you. The wight misses you.
You redirect the wight's attack!
The wight hits the wight with a +0 falchion!
You hit the wight.
You destroy the wight!
The bullfrog hits you.
* * * LOW HITPOINT WARNING * * *
The wight closely misses you. The bullfrog hits you.
* * * LOW HITPOINT WARNING * * *
Unknown command.
It was a potion of invisibility.
You become transparent, but the glow from your form prevents you from becoming completely invisible.
The bullfrog misses you. The wight barely misses you.
It was a potion of curing.
You feel better. The bullfrog completely misses you.
The wight hits you with a +0 falchion!
You die...

#
#####................#....
######
#................#####
...[.#
#................#....
>....#
#.......##########....
.....#
#########.............
.....#
#.....................
.....#
#.....................
#...##
#....)............>...
#...##
#...)pz...............
.....#
#.....F...............
.....#
#........#############
.....# #........# .....#
########## .....# .....#
.....# #...##


You could see a bullfrog and a wight.

Vanquished Creatures
  A water moccasin (D:6)
  Pargi (Sewer)
  An orc warrior (D:6)
  A black bear (D:6)
  A centaur (D:6)
  A phantom (D:4)
  Blork the orc (D:5)
  2 bullfrogs (D:6)
  2 brain worms (Sewer)
  A scorpion (D:4)
  5 wights (D:6)
  A bombardier beetle (D:6)
  A hound (D:4)
  2 jellies
  7 iguanas
  4 orc wizards
  6 adders
  2 river rats (D:6)
  A shadow imp (D:5)
  3 white imps (D:6)
  3 ufetubi
  2 ribbon worms
  2 dart slugs
  12 orcs
  4 bats
  12 endoplasms
  4 giant cockroaches
  9 hobgoblins
  4 jackals (D:5)
  8 quokkas
  10 ball pythons
  9 frilled lizards
  6 goblins
  7 kobolds
  4 rats
140 creatures vanquished.

Vanquished Creatures (others)
  An ufetubus (D:5)
1 creature vanquished.

Grand Total: 141 creatures vanquished

Notes
Turn   | Place    | Note
-------+----------+-------------------------------------------
     0 | D:1      | monsoonserge the Gnoll Shapeshifter began the quest for the
                  | Orb.
     0 | D:1      | Reached XP level 1. HP: 17/17 MP: 1/1
   212 | D:1      | Reached XP level 2. HP: 23/23 MP: 2/2
   431 | D:1      | Reached XP level 3. HP: 14/28 MP: 3/3
   959 | D:2      | Found a faded altar of an unknown god.
   972 | D:2      | Prayed at the altar of an unknown god.
   972 | D:2      | Became a worshipper of Ru the Awakened
  1009 | D:2      | Reached skill level 1 in Invocations
  1025 | D:2      | Reached skill level 1 in Short Blades
  1025 | D:2      | Reached skill level 1 in Long Blades
  1025 | D:2      | Reached skill level 1 in Axes
  1025 | D:2      | Reached skill level 1 in Maces & Flails
  1025 | D:2      | Reached skill level 1 in Polearms
  1025 | D:2      | Reached skill level 1 in Staves
  1025 | D:2      | Reached skill level 1 in Ranged Weapons
  1025 | D:2      | Reached skill level 1 in Throwing
  1025 | D:2      | Reached skill level 1 in Armour
  1025 | D:2      | Reached skill level 1 in Stealth
  1025 | D:2      | Reached skill level 1 in Shields
  1025 | D:2      | Reached skill level 1 in Spellcasting
  1025 | D:2      | Reached skill level 1 in Evocations
  1374 | D:2      | Reached XP level 4. HP: 28/34 MP: 5/5
  1861 | D:3      | Reached skill level 1 in Conjurations
  1861 | D:3      | Reached skill level 1 in Hexes
  1861 | D:3      | Reached skill level 1 in Summonings
  1861 | D:3      | Reached skill level 1 in Necromancy
  1861 | D:3      | Reached skill level 1 in Translocations
  1861 | D:3      | Reached skill level 1 in Fire Magic
  1861 | D:3      | Reached skill level 1 in Ice Magic
  1861 | D:3      | Reached skill level 1 in Air Magic
  1861 | D:3      | Reached skill level 1 in Earth Magic
  1861 | D:3      | Reached skill level 1 in Alchemy
  1988 | D:3      | Found a runed translucent gate.
  1988 | D:3      | Found a runed translucent gate.
  1990 | D:3      | Found a runed translucent gate.
  1992 | D:3      | Noticed Consumeair16's ghost (amateur GnFi)
  1992 | D:3      | Noticed globin's ghost (amateur MfCK)
  2014 | D:3      | Noticed a black bear
  2018 | D:3      | Reached XP level 5. HP: 38/40 MP: 5/7
  2270 | D:4      | Identified the +1 scale mail of the Cobbler {rC+ Dex+3}
  2619 | D:4      | Noticed a phantom
  2644 | D:4      | Killed a phantom
  2645 | D:4      | Reached skill level 5 in Dodging
  2645 | D:4      | Reached XP level 6. HP: 26/47 MP: 7/9
  3351 | D:5      | Entered Level 5 of the Dungeon
  3354 | D:5      | Gained mutation: You are hated by all. [Ru sacrifice]
  3354 | D:5      | Reached * piety under Ru
  3519 | D:5      | Identified the orb of Osiapn {light, -Tele rElec rPois rN+
                  | Stlth+}
  3600 | D:5      | Noticed Blork the orc
  3612 | D:5      | Killed Blork the orc
  3613 | D:5      | Reached XP level 7. HP: 31/52 MP: 10/10
  4018 | D:5      | Found a sacrificial altar of Ru.
  4031 | D:5      | Found an iron altar of Okawaru.
  4301 | D:6      | Found a glowing drain.
  4405 | Sewer    | Entered a sewer
  4467 | Sewer    | Noticed Pargi
  4477 | Sewer    | Killed Pargi
  4544 | Sewer    | Reached XP level 8. HP: 52/60 MP: 9/12
  5114 | D:6      | Gained mutation: You cannot be stealthy. [Ru sacrifice]
  5114 | D:6      | Reached ** piety under Ru
  5225 | D:6      | Found Vycak's Antique Armour Emporium.
  5776 | D:6      | Reached XP level 9. HP: 25/65 MP: 14/14
  6034 | D:6      | HP: 2/64 [bullfrog (5)]
  6036 | D:6      | Slain by a wight

Illustrated notes

Levels and vault maps discovered:
D:1:      ldierk_walled_garden_2, layout_loops_ring, corexii_corridor_pit,
          minmay_quantized
D:2:      layout_basic, shapermc_ecumenical_altar_gd, minmay_misc_feat_plants,
          st_stairs_7
D:3:      layout_basic, gammafunk_ghost_cemetery
D:4:      minmay_opposing_rooms, layout_cave_pods
D:5:      layout_gridville, jmf_multi_god_temple2, uniq_blork_the_orc
D:6:      layout_gridville, cheibrodos_sewer_entry_sluice, serial_shops, shop
D:7:      layout_cave_pools, gammafunk_temple_overflow_wave,
          minmay_temple_entry_glass, serial_undead, serial_undead_a,
          serial_undead_e, serial_undead_e, serial_undead_c, uniq_joseph

Skill      XL: |  1  2  3  4  5  6  7  8  9 |
---------------+----------------------------+-----
Invocations    | 1 2 3 4 |  4.5
Short Blades   | 1 2 3 4 |  4.0
Long Blades    | 1 2 3 4 |  4.0
Axes           | 1 2 3 4 |  4.0
Maces & Flails | 1 2 3 4 |  4.0
Polearms       | 1 2 3 4 |  4.0
Staves         | 1 2 3 4 |  4.0
Ranged Weapons | 1 2 3 4 |  4.0
Throwing       | 1 2 3 4 |  4.0
Armour         | 1 2 3 4 |  4.0
Stealth        | 1 2 3 0 |  0.0
Shields        | 1 2 3 4 |  4.0
Spellcasting   | 1 2 3 4 |  4.0
Evocations     | 1 2 3 4 |  4.0
Conjurations   | 1 2 3 |  3.3
Hexes          | 1 2 3 |  3.3
Summonings     | 1 0 |  0.0
Necromancy     | 1 2 3 |  3.3
Translocations | 1 2 3 |  3.3
Fire Magic     | 1 2 3 |  3.3
Ice Magic      | 1 2 3 |  3.3
Air Magic      | 1 2 3 |  3.3
Earth Magic    | 1 2 3 |  3.3
Alchemy        | 1 2 3 |  3.3
Fighting       | 3 4 |  4.9
Dodging        | 5 6 |  6.2
Unarmed Combat | 7 |  7.8
Shapeshifting  | 7 |  7.6

Action                     |  1- 3 |  4- 6 |  7- 9 || total
---------------------------+-------+-------+-------++-------
  Melee: Unarmed           |   113 |   161 |   222 ||   496
         Bite              |     8 |    24 |    28 ||    60
         Punch             |     1 |       |       ||     1
 Invoke: Reject Sacrifices |     1 |       |       ||     1
         Sacrifice Love    |       |     1 |       ||     1
         Sacrifice Stealth |       |       |     1 ||     1
    Use: Potion            |       |       |     2 ||     2
         Scroll            |       |       |     1 ||     1
   Stab: Sleeping          |       |       |     1 ||     1
 Armour: Scale mail        |     3 |       |       ||     3
         Skin              |    18 |    41 |    59 ||   118
  Dodge: Dodged            |    88 |   140 |   274 ||   502
   Form: Flux              |     2 |       |       ||     2
         Beast             |     1 |       |       ||     1
